 Dungeon Crawl Stone Soup version 0.30-a0-936-ge0d47acfc0 (webtiles) character file.

Game seed: 5331961192873991370

127 MacCMillion the Chopper (level 4, -1/40 HPs)
             Began as a Minotaur Fighter on Mar 24, 2023.
             Killed from afar by Ijyb (18 damage)
             ... with a bolt of light
             ... on level 3 of the Dungeon.
             The game lasted 00:02:47 (1920 turns).

MacCMillion the Chopper (Minotaur Fighter)          Turns: 1920, Time: 00:02:47

Health: -1/40      AC:  8    Str: 22    XL:     4   Next: 85%
Magic:  0/3        EV:  9    Int:  5    God:
Gold:   172        SH:  0    Dex: 10    Spells: 3/3 levels left

rFire   + . .      SeeInvis .    a - +0 war axe
rCold   + . .      Faith    .    c - +0 buckler
rNeg    . . .      Spirit   +    b - +0 scale mail
rPois   .          Reflect  .    (helmet restricted)
rElec   .          Rampage  .    o - scarf {rC+ rF+}
rCorr   .                        q - +0 pair of gloves
Will    .....                    (no boots) Stlth
                                 l - amulet of guardian spirit
HPRegen 0.26/turn                (no ring)
MPRegen 0.08/turn                (no ring)

@: confused
A: horns 2, retaliatory headbutt
a: no special abilities


You were on level 3 of the Dungeon.
You visited 1 branch of the dungeon, and saw 3 of its levels.

You collected 172 gold pieces.

Inventory:

Hand Weapons
 a - a +0 war axe (weapon)
Missiles
 r - 5 boomerangs (quivered)
 s - 3 poisoned darts
Armour
 b - a +0 scale mail (worn)
 c - a +0 buckler (worn)
 o - a scarf of resistance (worn)
 q - a +0 pair of gloves (worn)
Jewellery
 l - an amulet of guardian spirit (around neck)
Scrolls
 f - 4 scrolls of identify {unknown}
 i - 2 scrolls of teleportation {unknown}
 m - 2 scrolls of poison {unknown}
 n - a scroll of blinking {unknown}
 p - a scroll of butterflies {unknown}
 t - 2 scrolls of fear {unknown}
Potions
 d - a potion of might
 e - 2 potions of flight {unknown}
 g - a potion of haste {unknown}
 h - a potion of brilliance {unknown}
 j - 4 potions of curing {unknown}
 k - 2 potions of heal wounds {unknown}


   Skills:
 - Level 3.6 Fighting
 + Level 5.1 Axes
 - Level 3.7 Armour
 - Level 5.0 Shields


You had 3 spell levels left.
You didn't know any spells.
Your spell library contained the following spells:

 Spells                   Type           Power      Damage    Failure   Level
 Sandblast                Erth           0%         2d4       87%         1
 Passwall                 Tmut/Erth      0%         N/A       95%         2
 Dazzling Flash           Conj/Hex       0%         N/A       99%         3
 Stone Arrow              Conj/Erth      0%         3d7       99%         3
 Iskenderun's Mystic Bla  Conj/Tloc      0%         2d3       100%        4
 Summon Lightning Spire   Summ/Air       0%         N/A       100%        4
 Starburst                Conj/Fire      0%         6d3       100%        6
 Storm Form               Tmut/Air       0%         N/A       100%        7
 Maxwell's Capacitive Co  Air            0%         ∞         100%        8


Dungeon Overview and Level Annotations

Branches:
Dungeon (3/15)

Altars:

Shops:
D:1 !

Annotations:
D:3 1 runed translucent door, Crazy Yiuf, Ijyb


Innate Abilities, Weirdness & Mutations

You have a pair of horns on your head.
You reflexively headbutt those who attack you in melee.


Message History

Ijyb moves out of view.
There is an open door here.
Ijyb zaps a wand.
The bolt of light hits you! Ijyb hits you but does no damage.
You completely miss Ijyb. You headbutt Ijyb!
Ijyb is moderately wounded.
Ijyb hits you with a +0 dagger.
You hit Ijyb but do no damage. Your headbutt misses Ijyb.
Ijyb is moderately wounded.
You block Ijyb's attack.
You barely miss Ijyb.
Ijyb is moderately wounded.
Ijyb hits you with a +0 dagger.
You closely miss Ijyb. Your headbutt misses Ijyb.
Ijyb is moderately wounded.
Ijyb hits you with a +0 dagger. You block Ijyb's attack.
You completely miss Ijyb.
Ijyb is moderately wounded.
Ijyb zaps a wand.
The bolt of light hits you!
You are too injured to fight recklessly!
You closely miss Ijyb.
Ijyb is moderately wounded.
Ijyb hits you but does no damage.
You hit Ijyb. Your headbutt misses Ijyb.
Ijyb is heavily wounded.
Ijyb hits you but does no damage.
You barely miss Ijyb.
Ijyb is heavily wounded.
Ijyb hits you with a +0 dagger. Ijyb completely misses you.
You slash Ijyb! Your headbutt misses Ijyb.
Ijyb is severely wounded.
Ijyb closely misses you.
You closely miss Ijyb. Your headbutt misses Ijyb.
Ijyb is severely wounded.
Ijyb barely misses you.
You barely miss Ijyb.
Ijyb is severely wounded.
Ijyb zaps a wand.
The bolt of light hits you!!
You are confused.
You die...

...# #.#.###....#
#######.###.#......####
....)................).
######.#######.#..####
######.#######.##.###
#.....[..[..........#
#.#####.######....#.#
#####'#### ######.#
#..@.....# # #.g......#
#........# .......####
#########


You could see Ijyb.

Vanquished Creatures
  5 gnolls
  2 adders (D:2)
  2 worms (D:2)
  3 dart slugs
  An orc (D:2)
  7 bats
  4 endoplasms
  4 giant cockroaches
  3 goblins
  5 hobgoblins
  4 kobolds
  4 ball pythons
  2 frilled lizards (D:2)
  3 rats (D:2)
49 creatures vanquished.

Notes
Turn   | Place    | Note
-------+----------+-------------------------------------------
     0 | D:1      | MacCMillion the Minotaur Fighter began the quest for the
                  | Orb.
     0 | D:1      | Reached XP level 1. HP: 19/19 MP: 0/0
   165 | D:1      | Reached XP level 2. HP: 27/27 MP: 1/1
   403 | D:1      | Found Ciowib's Distillery.
   693 | D:1      | Reached XP level 3. HP: 30/33 MP: 2/2
  1126 | D:2      | Reached XP level 4. HP: 40/40 MP: 3/3
  1328 | D:2      | Reached skill level 5 in Shields
  1563 | D:3      | Found a faded altar of an unknown god.
  1686 | D:3      | Found a runed translucent door.
  1687 | D:3      | Noticed Crazy Yiuf
  1801 | D:3      | Reached skill level 5 in Axes
  1906 | D:3      | Noticed Ijyb
  1920 | D:3      | Killed from afar by Ijyb

Illustrated notes

Levels and vault maps discovered:
D:1:      noname_arrival_rooms_in_the_neighbourhood, layout_loops_cross,
          serial_shops, nicolae_shop_statue_plus, minmay_tetromino_t4
D:2:      layout_basic
D:3:      layout_basic, nicolae_sif_muna_condensation,
          hellmonk_ecumenical_altar_run_dry, grunt_ministairs_7,
          feat_on_display, uniq_crazy_yiuf_cottage, uniq_ijyb

Skill      XL: |  1  2  3  4 |
---------------+-------------+-----
Shields        | 4 5 |  5.0
Axes           | 3 4 5 |  5.1
Fighting       | |  3.6
Armour         | |  3.7

Action                     |  1- 3 |  4- 6 || total
---------------------------+-------+-------++-------
  Melee: War axe           |    67 |    44 ||   111
         Headbutt          |     8 |     6 ||    14
 Armour: Scale mail        |    29 |    14 ||    43
  Dodge: Dodged            |    28 |    17 ||    45
  Block: Buckler           |    16 |    13 ||    29

Table legend: (Time is in decaauts)
 A = Elapsed time spent in this place.
 B = Non-inter-level travel time spent in this place.
 C = Inter-level travel time spent in this place.
 D = Time resting spent in this place.
 E = Time spent auto-exploring this place.
 F = Levels seen in this place.
 G = Mean time per level.
                   A        B        C        D        E       F      G
               +--------+--------+--------+--------+--------+-----+--------+
         Total |   1957 |   1937 |     20 |    113 |   1448 |   3 |  652.3 |
       Dungeon |   1957 |   1937 |     20 |    113 |   1448 |   3 |  652.3 |
               +--------+--------+--------+--------+--------+-----+--------+

Top non-repeatable levels by time:
     D:1: 800 daAuts
     D:2: 792 daAuts
     D:3: 364 daAuts
